 Dungeon Crawl Stone Soup version 0.20.1-1-g8b1a95d (webtiles) character file.

197 keltmir the Changer (level 5, -8/40 HPs)
             Began as a Draconian Transmuter on Oct 31, 2017.
             Mangled by a crimson imp
             ... wielding a +0 dagger of chaos
              (11 damage)
             ... on level 3 of the Dungeon.
             The game lasted 00:14:17 (3553 turns).

keltmir the Changer (Draconian Transmuter)          Turns: 3553, Time: 00:14:17

Health: -8/40      AC:  5    Str: 17    XL:     5   Next: 46%
Magic:  8/8        EV: 12    Int: 15    God:
Gold:   247        SH:  0    Dex: 11    Spells: 4/8 levels left

rFire    . . .     SeeInvis .     - Unarmed
rCold    . . .     Gourm    .   (no shield)
rNeg     . . .     Faith    .   (armour unavailable)
rPois    .         Spirit   .   (helmet restricted)
rElec    .         Reflect  .   (no cloak)
rCorr    .         Harm     .   (no gloves)
MR       .....                  (no boots)
Stlth    +.........             (no amulet)
Regen    0.2/turn               (no ring)
MPRegen  0.2/turn               (no ring)

@: mighty, very slightly contaminated, drained
A: unfitting armour, cold-blooded, AC +5
a: no special abilities


You were on level 3 of the Dungeon.
You were not hungry.

You visited 1 branch of the dungeon, and saw 4 of its levels.

You collected 247 gold pieces.

Inventory:

Missiles
 a - 46 arrows
 j - 19 poisoned needles
Armour
 e - a +0 pair of gloves
Jewellery
 h - an uncursed ring of fire {unknown}
 k - an uncursed ring of wizardry {unknown}
Wands
 l - a wand of lightning (8/15)
Scrolls
 o - 2 scrolls of magic mapping {unknown}
Potions
 d - a potion of berserk rage
 f - a potion of flight {unknown}
 n - 2 potions of lignification {unknown}
Books
 b - a book of Changes

   Spells                             Type                      Level
   a - Beastly Appendage              Transmutation                1
   b - Sticks to Snakes               Transmutation                2
   c - Spider Form                    Transmutation/Poison         3
   d - Ice Form                       Ice/Transmutation            4
   e - Blade Hands                    Transmutation                5
Comestibles
 c - 5 bread rations


   Skills:
 - Level 1.1(0.8) Fighting
 - Level 1.7(1.5) Dodging
 - Level 3.0(2.7) Unarmed Combat
 - Level 2.0(1.7) Spellcasting
 * Level 5.8(5.5) Transmutations


You had 4 spell levels left.
You knew the following spells:

 Your Spells              Type           Power        Failure   Level  Hunger
a - Beastly Appendage     Tmut           ###...       2%          1    ##.....
b - Spider Form           Tmut/Pois      #.........   22%         3    ####...


Dungeon Overview and Level Annotations

Branches:
Dungeon (4/15)
 Temple: D:4-7

Altars:
Xom
Yredelemnul


Innate Abilities, Weirdness & Mutations

Your plain brown scales are hard. (AC +5)
You cannot fit into any form of body armour.
You are cold-blooded and may be slowed by cold attacks.


Message History

You feel sick.
The kobold shouts!
The kobold hits you but does no damage. The kobold barely misses you.
You feel sick.
You feel sick.
You feel sick.
There is a stone staircase leading up here.
You feel sick.
You feel sick.
All of the chunks of flesh in your inventory have rotted away.
You feel sick.
You are no longer poisoned.
The crimson imp blinks!
You hit the kobold.
You kill the kobold!
You feel very mighty all of a sudden.
The crimson imp hits you but does no damage.
Space warps horribly around you!
You die...

######### #.......# #.#####.###
########'#####...###
#...........#......# #
#...(.......#......# #
#..[........#>..5..##############
..............##@#...)).)..).....
#############..#)#.########..####
##.#.#.# #.......#..#
##############.#.#.###.###...#..#
.......^.........................
###############..#####.###...#..#
####### #..#...........#...
#.....# ##.#.###.####..#.##
#.###.# #..<5.............


You could see a crimson imp.

Vanquished Creatures
  A crimson imp (D:3)
  Robin (D:3)
  6 adders
  An ooze (D:1)
  A worm (D:2)
  3 dart slugs
  2 leopard geckos
  An orc (D:4)
  9 bats
  5 giant cockroaches
  15 goblins
  6 hobgoblins
  9 jackals
  7 kobolds
  A quokka (D:3)
  2 frilled lizards (D:2)
  7 rats
  A spectral orc (D:2)
78 creatures vanquished.

Notes
Turn   | Place    | Note
-------+----------+-------------------------------------------
     0 | D:1      | keltmir the Draconian Transmuter began the quest for the Orb.
     0 | D:1      | Reached XP level 1. HP: 16/16 MP: 3/3
   115 | D:1      | Reached XP level 2. HP: 15/23 MP: 3/5
   481 | D:1      | Reached skill level 3 in Transmutations
   651 | D:1      | Reached XP level 3. HP: 22/28 MP: 6/6
   658 | D:1      | Learned a level 3 spell: Spider Form
   903 | D:2      | HP: 1/28 [poisoned by an adder]
  1218 | D:3      | Reached skill level 4 in Transmutations
  1753 | D:2      | Reached XP level 4. HP: 24/35 MP: 7/7
  2437 | D:2      | Found a basalt altar of Yredelemnul.
  2533 | D:3      | Reached skill level 5 in Transmutations
  2917 | D:4      | Noticed Robin
  3018 | D:3      | Reached XP level 5. HP: 40/40 MP: 4/8
  3038 | D:3      | Killed Robin
  3418 | D:3      | Found a shimmering altar of Xom.
  3553 | D:3      | Mangled by a crimson imp

Skill      XL: |  1  2  3  4 |
---------------+-------------+-----
Transmutations | 3 4 5 |  5.8
Fighting       | |  1.1
Dodging        | |  1.7
Unarmed Combat | |  3.0
Spellcasting   | |  2.0

Action                   |  1- 3 |  4- 6 || total
-------------------------+-------+-------++-------
Melee: Unarmed           |   139 |   168 ||   307
       Kick              |     9 |       ||     9
       Tailslap          |    10 |     8 ||    18
       Headbutt          |     1 |     4 ||     5
 Cast: Beastly Appendage |     8 |     2 ||    10
       Spider Form       |     1 |    15 ||    16
  Use: Potion            |     1 |     1 ||     2
       Scroll            |       |     4 ||     4
  Eat: Chunk             |     3 |     8 ||    11
Armor: Skin              |    38 |    38 ||    76
Dodge: Dodged            |   100 |   145 ||   245
